AoeStats
← THL

Arena

506346040Analyzed
4v4 RM · 20d ago on Sep 13, 2026· 37m 8s· 8 players
Game mode
Random Map
Map size
Large (8 player)
Population
200
Speed
Normal
Resources
Standard
Victory
Conquest
Starting age
Dark Age
Ending age
Imperial Age
RankedLock teamsTeams togetherTeam positionsShared explorationLock speedFull tech treeHidden civsTurbo modeCheats
Victory
Defeat
🇨🇳 Mongols · China
1539
+15
🇻🇳 Italians · Vietnam
1530
+16
🇨🇳 Hindustanis · China
1464
+18
🇨🇳 Franks · China
1459
+19
🇩🇪 Franks · Germany
1577
-20
🇫🇮 Ethiopians · Finland
1505
-16
🇲🇽 Slavs · Mexico
1498
-16
🇪🇸 Shu · Spain
1492
-16
THL
10:59 Feudal Age
14:53 Castle Age
12:40 Loom
13:49 Double-Bit Axe
21:29 Fletching
28:21 Wheelbarrow
28:06 Bow Saw
32:11 Imperial Age
30:48 Ballistics
32:56 Bodkin Arrow
34:02 Chemistry
33:09 Gold Mining
33:33 Padded Archer Armor
35:46 Two-Man Saw
35:13 Bracer
36:15 Hand Cart
37:07 Leather Archer Armor
37:38 Thumb Ring
GGboy
10:21 Feudal Age
14:17 Castle Age
12:17 Double-Bit Axe
12:36 Horse Collar
16:37 Bow Saw
18:21 Wheelbarrow
20:26 Heavy Plow
22:00 Hand Cart
21:37 Loom
22:40 Gold Mining
24:19 Gold Shaft Mining
23:34 Stone Mining
25:44 Scale Barding Armor
28:55 Imperial Age
28:56 Chain Barding Armor
28:46 Forging
30:17 Plate Barding Armor
30:35 Conscription
30:27 Bloodlines
30:18 Husbandry
30:18 Heavy Camel Rider
31:08 Grand Trunk Road
32:52 Iron Casting
32:08 Imperial Camel Rider
35:02 Blast Furnace
34:41 Hoardings
34:55 Hoardings
38:37 Two-Man Saw
归来仍只会种田
10:22 Feudal Age
11:05 Double-Bit Axe
11:34 Horse Collar
15:35 Castle Age
14:13 Gold Mining
16:32 Bow Saw
19:24 Fervor
20:00 Loom
27:41 Wheelbarrow
29:47 Imperial Age
28:22 Gold Shaft Mining
27:48 Stone Mining
28:10 Heavy Plow
29:27 Hand Cart
30:23 Stone Shaft Mining
29:49 Elite Skirmisher
30:21 Fletching
30:55 Padded Archer Armor
31:49 Ballistics
32:00 Bodkin Arrow
34:27 Bracer
35:29 Chemistry
35:38 Parthian Tactics
37:07 Conscription
只会种田
10:09 Feudal Age
11:34 Double-Bit Axe
14:00 Castle Age
21:34 Wheelbarrow
27:18 Imperial Age
24:51 Loom
25:18 Gold Mining
25:42 Bow Saw
26:16 Hand Cart
27:04 Scale Barding Armor
28:09 Chain Barding Armor
28:27 Gold Shaft Mining
27:21 Cavalier
28:50 Chivalry
29:11 Conscription
28:55 Husbandry
29:34 Plate Barding Armor
28:48 Paladin
30:28 Forging
32:03 Iron Casting
33:46 Blast Furnace
[DH]Misratronic
11:21 Feudal Age
14:54 Castle Age
14:09 Double-Bit Axe
14:04 Horse Collar
21:31 Wheelbarrow
21:33 Gold Mining
22:45 Bow Saw
24:24 Hand Cart
24:44 Heavy Plow
25:00 Scale Mail Armor
25:13 Forging
25:42 Loom
25:46 Town Watch
26:40 Pikeman
27:25 Squires
27:41 Chain Mail Armor
31:55 Imperial Age
29:36 Detinets
30:49 Iron Casting
30:22 Fletching
30:55 Guard Tower
31:36 Ballistics
32:17 Halberdier
32:19 Capped Ram
33:59 Crop Rotation
34:12 Plate Mail Armor
34:07 Fortified Wall
35:40 Blast Furnace
34:36 Bodkin Arrow
35:37 Druzhina
VeryNiceToMeetYou
11:23 Feudal Age
15:36 Castle Age
14:07 Double-Bit Axe
17:13 Bow Saw
29:05 Imperial Age
27:34 Scale Barding Armor
27:40 Forging
27:35 Husbandry
29:30 Cavalier
33:12 Loom
thaebS
10:45 Feudal Age
14:23 Castle Age
12:13 Horse Collar
13:36 Double-Bit Axe
15:44 Heavy Plow
16:26 Bow Saw
20:13 Wheelbarrow
23:57 Loom
27:24 Imperial Age
25:41 Gold Mining
25:42 Stone Mining
26:44 Hand Cart
26:22 Fletching
27:04 Bodkin Arrow
27:33 Stone Mining
28:19 Gold Shaft Mining
27:46 Padded Archer Armor
28:15 Ballistics
27:35 Crossbowman
29:55 Chemistry
30:16 Two-Man Saw
29:18 Bracer
29:34 Leather Archer Armor
28:43 Elite Skirmisher
30:26 Capped Ram
31:37 Conscription
31:45 Torsion Engines
32:51 Ring Archer Armor
32:30 Siege Engineers
32:35 Masonry
32:28 Town Watch
34:12 Thumb Ring
33:29 Arbalester
35:03 Siege Ram
35:45 Town Patrol
36:19 Architecture
35:46 Murder Holes
36:02 Fortified Wall
36:09 Halberdier
36:49 Squires
36:35 Arson
37:02 Forging
36:53 Scale Mail Armor
NikTheBrewer
4:44 Loom
10:50 Feudal Age
15:03 Castle Age
14:13 Double-Bit Axe
14:09 Horse Collar
14:23 Gold Mining
17:30 Wheelbarrow
17:37 Bow Saw
18:42 Town Watch
19:52 Fletching
24:14 Heavy Plow
25:40 Hand Cart
25:23 Stone Mining
27:03 Bodkin Arrow
28:04 Masonry
28:14 Ballistics
31:09 Imperial Age
29:44 Gold Shaft Mining
29:38 Padded Archer Armor
30:16 Thumb Ring
29:52 Crossbowman
31:27 Leather Archer Armor
31:12 Arbalester
33:34 Two-Man Saw
33:10 Bracer
34:11 Conscription
34:25 Ring Archer Armor
34:03 Siege Engineers
36:06 Chemistry
36:05 Fortified Wall
38:12 Hoardings
Connection lost

Rejoining the realm…

Still unreachable

The connection could not be restored.

Session expired

The server has moved on; the page needs a fresh start.